 Dungeon Crawl Stone Soup version 0.29-a0-824-gd827844252 (webtiles) character file.

Game seed: 7579691451077843564

79 pokeman the Magician (level 4, -2/25 HPs)
             Began as a Deep Elf Hedge Wizard on July 9, 2022.
             Killed from afar by Jessica (27 damage)
             ... with a bolt of light
             ... on level 3 of the Dungeon on July 10, 2022.
             The game lasted 00:03:07 (2895 turns).

pokeman the Magician (Deep Elf Hedge Wizard)        Turns: 2895, Time: 00:03:08

Health: -2/25      AC:  7    Str:  7    XL:     4   Next: 16%
Magic:  13/13      EV: 12    Int: 21    God:
Gold:   96         SH:  0    Dex: 14    Spells: 3/14 levels left

rFire   . . .      SeeInvis .   a - +0 dagger
rCold   . . .      Faith    .   (no shield)
rNeg    . . .      Spirit   .   b - +0 robe
rPois   .          Reflect  .   c - +0 hat
rElec   .          Harm     .   (no cloak)
rCorr   .          Rampage  .   i - +0 pair of gloves
Will    .....                   (no boots)
Stlth   +.........              (no amulet)
HPRegen 0.08/turn               k - +4 ring of protection
MPRegen 0.13/turn               p - ring of wizardry

@: confused
A: no striking features
a: no special abilities


You were on level 3 of the Dungeon.
You visited 1 branch of the dungeon, and saw 3 of its levels.

You collected 96 gold pieces.

Inventory:

Hand Weapons
 a - a +0 dagger (weapon)
Armour
 b - a +0 robe (worn)
 c - a +0 hat (worn)
 i - a +0 pair of gloves (worn)
Jewellery
 k - a +4 ring of protection (left hand)
 p - a ring of wizardry (right hand)
Scrolls
 h - a scroll of enchant armour {unknown}
 j - a scroll of vulnerability {unknown}
 l - 2 scrolls of enchant weapon {unknown}
 n - a scroll of teleportation {unknown}
 o - a scroll of brand weapon {unknown}
 q - 2 scrolls of poison {unknown}
 s - a scroll of immolation {unknown}
 t - a scroll of magic mapping {unknown}
 u - a scroll of torment {unknown}
Potions
 d - a potion of magic
 e - a potion of flight {unknown}
 f - a potion of degeneration {unknown}
 g - a potion of lignification {unknown}
 m - a potion of attraction {unknown}
 r - a potion of curing {unknown}
 v - a potion of ambrosia {unknown}
 w - a potion of cancellation {unknown}


   Skills:
 - Level 1.0 Fighting
 - Level 1.0 Armour
 + Level 2.6 Dodging
 + Level 2.6 Stealth
 * Level 5.5 Spellcasting
 + Level 2.1 Conjurations
 - Level 1.1 Summonings
 - Level 1.1 Translocations


You had 3 spell levels left.
You knew the following spells:

 Your Spells              Type           Power      Damage    Failure   Level
a - Magic Dart            Conj           56%        1d5       1%          1
b - Mephitic Cloud        Conj/Pois/Air  8%         N/A       9%          3
c - Call Imp              Summ           10%        N/A       4%          2
d - Blink                 Tloc           20%        N/A       4%          2
e - Conjure Flame         Conj/Fire      10%        6-21      9%          3

Your spell library contained the following spells:

 Spells                   Type           Power      Damage    Failure   Level
 Freeze                   Ice            20%        1d4       4%          1
 Slow                     Hex            20%        N/A       4%          1
 Frozen Ramparts          Ice            10%        1d3       12%         3
 Hailstorm                Conj/Ice       10%        3d5       26%         4


Dungeon Overview and Level Annotations

Branches:
Dungeon (3/15)

Altars:

Annotations:
D:3 Jessica


Message History

The magic dart hits the dart slug but does no damage.
The dart slug is severely wounded.
The dart slug launches a dart at you. The slug dart misses you.
Casting: Magic Dart (safe; 1% risk of failure)
Confirm with . or Enter, or press ? or * to list all spells.
Aiming: Magic Dart (safe; 1% risk of failure)
Press: ? - help, Shift-Dir - straight line, f/p - dart slug
Aim: a dart slug (severely wounded, 100% to hit)
The magic dart hits the dart slug but does no damage.
The dart slug is severely wounded.
Casting: Magic Dart (safe; 1% risk of failure)
Confirm with . or Enter, or press ? or * to list all spells.
Aiming: Magic Dart (safe; 1% risk of failure)
Press: ? - help, Shift-Dir - straight line, f/p - dart slug
Aim: a dart slug (severely wounded, 100% to hit)
The magic dart hits the dart slug.
You kill the dart slug!
A goblin comes into view. It is wielding a +0 club.
Casting: Magic Dart (safe; 1% risk of failure)
Confirm with . or Enter, or press ? or * to list all spells.
Aiming: Magic Dart (safe; 1% risk of failure)
Press: ? - help, Shift-Dir - straight line, f - goblin
Aim: a goblin, wielding a +0 club (asleep, 100% to hit)
The magic dart hits the goblin.
You kill the goblin!
You hear a shout!
Casting: Magic Dart (safe; 1% risk of failure)
Confirm with . or Enter, or press ? or * to list all spells.
You can't see any susceptible monsters within range! (Use Z to cast anyway.) Unknown command.
Casting: Magic Dart (safe; 1% risk of failure)
Confirm with . or Enter, or press ? or * to list all spells.
You can't see any susceptible monsters within range! (Use Z to cast anyway.) Unknown command.
Jessica the Apprentice Sorceress comes into view.
She is wielding a +0 shortbow and carrying a wand of light (7).
Jessica zaps a wand.
The bolt of light hits you!!
You are confused.
Ouch! That really hurt!
You die...

#.# #.# #.## #..# ##.#
# #.# ##. #.# #..@####
#.#### #.#....# #.#..
.) #@# #.#.# #. #.# .#
#.#.## #.###.###...#
##....####..........#
###.........#....####.#
........####.#.###
###.##.#####....#
................####
###.########.........


You could see Jessica.

Vanquished Creatures
  2 adders (D:2)
  A worm (D:2)
  3 dart slugs
  8 endoplasms
  3 giant cockroaches
  5 goblins
  5 hobgoblins
  3 jackals (D:1)
  4 kobolds
  A quokka (D:1)
  4 ball pythons
  2 bats
  A frilled lizard (D:2)
  3 rats
45 creatures vanquished.

Notes
Turn   | Place    | Note
-------+----------+-------------------------------------------
     0 | D:1      | pokeman the Deep Elf Hedge Wizard began the quest for the
                  | Orb.
     0 | D:1      | Reached XP level 1. HP: 10/10 MP: 7/7
   239 | D:1      | Reached XP level 2. HP: 16/16 MP: 5/9
   542 | D:1      | Found a faded altar of an unknown god.
   924 | D:1      | Reached skill level 5 in Spellcasting
  1201 | D:1      | Reached XP level 3. HP: 20/20 MP: 8/11
  1205 | D:1      | Learned a level 3 spell: Mephitic Cloud
  1208 | D:1      | Learned a level 2 spell: Call Imp
  1211 | D:1      | Learned a level 2 spell: Blink
  1215 | D:1      | Learned a level 3 spell: Conjure Flame
  1846 | D:2      | Reached skill level 1 in Fighting
  1846 | D:2      | Reached skill level 1 in Armour
  2431 | D:2      | Reached XP level 4. HP: 25/25 MP: 8/13
  2895 | D:3      | Noticed Jessica
  2895 | D:3      | Killed from afar by Jessica

Illustrated notes

Levels and vault maps discovered:
D:1:      evilmike_arrival_plus, layout_basic,
          hellmonk_ecumenical_altar_pennies_from_heaven, minmay_octomino_j4
D:2:      layout_basic, corexii_shack
D:3:      layout_loops_ring, gammafunk_ghost_cemetery, uniq_jessica

Skill      XL: |  1  2  3 |
---------------+----------+-----
Spellcasting   | 5 |  5.5
Fighting       | 1 |  1.0
Armour         | 1 |  1.0
Conjurations   | 2 |  2.1
Dodging        | |  2.6
Stealth        | |  2.6
Summonings     | |  1.1
Translocations | |  1.1

Action                   |  1- 3 |  4- 6 || total
-------------------------+-------+-------++-------
Melee: Dagger            |     8 |       ||     8
 Cast: Magic Dart        |   109 |    20 ||   129
Armor: Robe              |     6 |     1 ||     7
Dodge: Dodged            |    18 |     1 ||    19

Table legend: (Time is in decaauts)
 A = Elapsed time spent in this place.
 B = Non-inter-level travel time spent in this place.
 C = Inter-level travel time spent in this place.
 D = Time resting spent in this place.
 E = Time spent auto-exploring this place.
 F = Levels seen in this place.
 G = Mean time per level.
                   A        B        C        D        E       F      G
               +--------+--------+--------+--------+--------+-----+--------+
         Total |   2895 |   2853 |     42 |     79 |   2500 |   3 |  965.0 |
       Dungeon |   2895 |   2853 |     42 |     79 |   2500 |   3 |  965.0 |
               +--------+--------+--------+--------+--------+-----+--------+

Top non-repeatable levels by time:
     D:1: 1364 daAuts
     D:2: 1286 daAuts
     D:3: 244 daAuts
